TOP OF THE 1ST |
Chicago (APP) Cubs batting - Pitching for Helena Brewers : RHP Junzo Yanagisawa
|
Pitching: RHP Junzo Yanagisawa
|
|
Batting: RHB Adrian Cox
|
0-0: Ball 1-0: Swinging Strike 1-1: Bunt missed! 1-2: Strikes out swinging
|
Batting: RHB Dave de Wolff
|
0-0: Ball 1-0: Swinging Strike 1-1: Swinging Strike 1-2: Strikes out swinging
|
Batting: RHB Mike Stein
|
0-0: Ball 1-0: Called Strike 1-1: Foul Ball, location: 2F 1-2: Strikes out swinging
|
Top of the 1st over - 0 runs, 0 hits, 0 errors, 0 left on base; Chicago (APP) 0 - Helena 0 |
BOTTOM OF THE 1ST |
Helena Brewers batting - Pitching for Chicago (APP) Cubs : RHP Anastagio Fasola
|
Pitching: RHP Anastagio Fasola
|
|
Batting: RHB Wiliama Dana
|
0-0: Called Strike 0-1: Ball 1-1: Ball 2-1: Swinging Strike 2-2: Fly out, F8 (Flyball, 8RM, EV 97.5 MPH)
|
Batting: RHB Tony Beaumond
|
0-0: Called Strike 0-1: Ball 1-1: Called Strike 1-2: Foul Ball, location: 2F 1-2: Foul Ball, location: 2F 1-2: Ball 2-2: Foul Ball, location: 2F 2-2: Foul Ball, location: 2F 2-2: SOLO HOME RUN (Flyball, 7D, EV 96.9 MPH), Distance : 376 ft
|
Batting: LHB Greg Reedy
|
0-0: Ball 1-0: Swinging Strike 1-1: Ball 2-1: Called Strike 2-2: Strikes out looking
|
Batting: RHB Jeremy Harden
|
0-0: SINGLE (Line Drive, 8RS, EV 105.0 MPH)
|
Batting: LHB Dusty Bryant
|
0-0: 2-RUN HOME RUN (Flyball, 9LD, EV 98.1 MPH), Distance : 337 ft
|
Batting: RHB Drew Forbess
|
0-0: Ball 1-0: Foul Ball, location: 2F 1-1: Swinging Strike 1-2: Foul Ball, location: 2F 1-2: Strikes out swinging
|
Bottom of the 1st over - 3 runs, 3 hits, 0 errors, 0 left on base; Chicago (APP) 0 - Helena 3 |
TOP OF THE 2ND |
Chicago (APP) Cubs batting - Pitching for Helena Brewers : RHP Junzo Yanagisawa
|
Batting: RHB Dustin Goldsborough
|
0-0: Called Strike 0-1: Ball 1-1: Ground out 1-3 (Groundball, P, EV 73.8 MPH)
|
Batting: RHB Andy Baumhardt
|
0-0: Ball 1-0: Called Strike 1-1: Foul Ball, location: 2F 1-2: Ball 2-2: Strikes out swinging
|
Batting: LHB Jerry Tyson
|
0-0: Called Strike 0-1: Swinging Strike 0-2: Ball 1-2: Ball 2-2: Strikes out looking
|
Top of the 2nd over - 0 runs, 0 hits, 0 errors, 0 left on base; Chicago (APP) 0 - Helena 3 |
BOTTOM OF THE 2ND |
Helena Brewers batting - Pitching for Chicago (APP) Cubs : RHP Anastagio Fasola
|
Batting: LHB Steven Donovan
|
0-0: Ball 1-0: Foul Ball, location: 2F 1-1: Ball 2-1: Ball 3-1: Foul Ball, location: 2F 3-2: Base on Balls
|
Batting: RHB Mohammed bin Ubaida
|
0-0: Called Strike 0-1: Ball Wild Pitch! Steven Donovan to second 1-1: SINGLE (Flyball, 5D, EV 96.2 MPH) Steven Donovan to third
|
Batting: RHB Justin Marino
|
0-0: Swinging Strike 0-1: Swinging Strike 0-2: Ball 1-2: Ball 2-2: Strikes out swinging
|
Batting: RHB Wiliama Dana
|
0-0: Ball 1-0: Ball 2-0: Foul Ball, location: 2F 2-1: Fly out, F8 (Flyball, 8LD, EV 101.9 MPH)
|
Batting: RHB Tony Beaumond
|
0-0: Called Strike 0-1: Ball 1-1: Ground out 6-3 (Groundball, P, EV 85.6 MPH)
|
Bottom of the 2nd over - 0 runs, 1 hit, 0 errors, 2 left on base; Chicago (APP) 0 - Helena 3 |
TOP OF THE 3RD |
Chicago (APP) Cubs batting - Pitching for Helena Brewers : RHP Junzo Yanagisawa
|
Batting: RHB Roberto Cruz
|
0-0: Swinging Strike 0-1: Called Strike 0-2: Ball 1-2: Ball 2-2: Ball 3-2: Strikes out looking
|
Batting: RHB Jorge Gonzalez
|
0-0: Swinging Strike 0-1: Swinging Strike 0-2: Ball 1-2: Foul Ball, location: 2F 1-2: Strikes out looking
|
Batting: SHB Rob Craft
|
0-0: Called Strike 0-1: Ball 1-1: Foul Ball, location: 2F 1-2: Strikes out swinging
|
Top of the 3rd over - 0 runs, 0 hits, 0 errors, 0 left on base; Chicago (APP) 0 - Helena 3 |
BOTTOM OF THE 3RD |
Helena Brewers batting - Pitching for Chicago (APP) Cubs : RHP Anastagio Fasola
|
Batting: LHB Greg Reedy
|
0-0: Foul Ball, location: 2F 0-1: Ball 1-1: Ball 2-1: Ball 3-1: Base on Balls
|
Batting: RHB Jeremy Harden
|
0-0: Called Strike 0-1: Ball 1-1: Fly out, F6 (Popup, 6MD, EV 63.1 MPH)
|
Batting: LHB Dusty Bryant
|
0-0: Called Strike 0-1: Ball 1-1: 2-RUN HOME RUN (Flyball, 9D, EV 93.8 MPH), Distance : 371 ft
|
Batting: RHB Drew Forbess
|
0-0: Ball 1-0: Ball 2-0: Called Strike 2-1: SINGLE (Groundball, 56D, EV 94.4 MPH)
|
Batting: LHB Steven Donovan
|
0-0: Ball 1-0: Ball 2-0: Ball 3-0: Base on Balls Drew Forbess to second
|
Batting: RHB Mohammed bin Ubaida
|
0-0: Ball 1-0: Ball 2-0: SINGLE (Groundball, 4MD, EV 107.5 MPH) Drew Forbess to third Steven Donovan to second
|
Batting: RHB Justin Marino
|
0-0: Called Strike 0-1: Ball 1-1: Ball 2-1: Ball 3-1: Swinging Strike 3-2: Foul Ball, location: 2F 3-2: Reached on error, E4 (Groundball, 4M, EV 105.6 MPH) Drew Forbess scores Steven Donovan to third Mohammed bin Ubaida to second
|
Batting: RHB Wiliama Dana
|
0-0: Called Strike 0-1: Called Strike 0-2: Foul Ball, location: 2F 0-2: Ball 1-2: Foul Ball, location: 2F 1-2: Ball 2-2: Foul Ball, location: 2F 2-2: Fielders Choice at 2nd, 5-4 (Groundball, 5, EV 105.6 MPH) Steven Donovan scores Mohammed bin Ubaida to third
|
Batting: RHB Tony Beaumond
|
0-0: Ball Wiliama Dana steals 2nd base (no throw) 1-0: SINGLE (Groundball, 56D, EV 93.8 MPH) Mohammed bin Ubaida scores Wiliama Dana to third Runner from 3rd tries for Home, SAFE, throw by LF to home
|
Pitching: RHP Reginald Bamber
|
|
Batting: LHB Greg Reedy
|
0-0: Ball 1-0: Ball Wild Pitch! Tony Beaumond to second 2-0: Called Strike 2-1: Ball 3-1: Called Strike 3-2: Foul Ball, location: 2F 3-2: Base on Balls
|
Batting: RHB Jeremy Harden
|
0-0: DOUBLE (Line Drive, 9LS, EV 92.5 MPH) Tony Beaumond scores Greg Reedy to third Runner from 3rd tries for Home, SAFE, throw by RF to home
|
Batting: LHB Dusty Bryant
|
0-0: Ball 1-0: Ball 2-0: Called Strike 2-1: Ball 3-1: Swinging Strike 3-2: Strikes out swinging
|
Bottom of the 3rd over - 8 runs, 5 hits, 1 error, 1 left on base; Chicago (APP) 0 - Helena 11 |
TOP OF THE 4TH |
Chicago (APP) Cubs batting - Pitching for Helena Brewers : RHP Junzo Yanagisawa
|
Batting: RHB Adrian Cox
|
0-0: Ground out 6-3 (Groundball, 6, EV 101.2 MPH)
|
Batting: RHB Dave de Wolff
|
0-0: Called Strike 0-1: Ball 1-1: Ball 2-1: Swinging Strike 2-2: Ball 3-2: Strikes out swinging
|
Batting: RHB Mike Stein
|
0-0: Swinging Strike 0-1: Foul Ball, location: 2F 0-2: Strikes out swinging
|
Top of the 4th over - 0 runs, 0 hits, 0 errors, 0 left on base; Chicago (APP) 0 - Helena 11 |
BOTTOM OF THE 4TH |
Helena Brewers batting - Pitching for Chicago (APP) Cubs : RHP Reginald Bamber
|
Batting: RHB Drew Forbess
|
0-0: SOLO HOME RUN (Flyball, 7LD, EV 93.1 MPH), Distance : 363 ft
|
Batting: LHB Steven Donovan
|
0-0: Called Strike 0-1: Ball 1-1: Foul Ball, location: 2F 1-2: Strikes out swinging
|
Batting: RHB Mohammed bin Ubaida
|
0-0: Called Strike 0-1: Ball 1-1: Ball 2-1: Ground out 4-3 (Groundball, 4, EV 81.2 MPH)
|
Pitching: RHP Brian Jarrett
|
|
Batting: RHB Justin Marino
|
0-0: Ground out 4-3 (Groundball, 4, EV 103.8 MPH)
|
Bottom of the 4th over - 1 run, 1 hit, 0 errors, 0 left on base; Chicago (APP) 0 - Helena 12 |
TOP OF THE 5TH |
Chicago (APP) Cubs batting - Pitching for Helena Brewers : RHP Junzo Yanagisawa
|
Batting: RHB Dustin Goldsborough
|
0-0: Foul Ball, location: 2F 0-1: Swinging Strike 0-2: Ball 1-2: Foul Ball, location: 2F 1-2: Ball 2-2: Ball 3-2: Strikes out swinging
|
Batting: RHB Andy Baumhardt
|
0-0: Ball 1-0: Swinging Strike 1-1: Fly out, F9 (Flyball, 89M, EV 86.9 MPH)
|
Batting: LHB Jerry Tyson
|
0-0: Called Strike 0-1: Ground out 5-3 (Groundball, 5S, EV 68.1 MPH)
|
Top of the 5th over - 0 runs, 0 hits, 0 errors, 0 left on base; Chicago (APP) 0 - Helena 12 |
BOTTOM OF THE 5TH |
Helena Brewers batting - Pitching for Chicago (APP) Cubs : RHP Brian Jarrett
|
Batting: RHB Wiliama Dana
|
0-0: Called Strike 0-1: Ball 1-1: Foul Ball, location: 2F 1-2: Foul Ball, location: 2F 1-2: Ball 2-2: Ground out 5-3 (Groundball, 56, EV 80.6 MPH)
|
Batting: RHB Tony Beaumond
|
0-0: Called Strike 0-1: Ball 1-1: Foul Ball, location: 2F 1-2: Foul Ball, location: 2F 1-2: Ball 2-2: Strikes out swinging
|
Batting: LHB Greg Reedy
|
0-0: Ball 1-0: Foul Ball, location: 2F 1-1: Swinging Strike 1-2: Ball 2-2: Foul Ball, location: 2F 2-2: Foul Ball, location: 2F 2-2: Ball 3-2: Foul Ball, location: 2F 3-2: Base on Balls
|
Batting: RHB Jeremy Harden
|
0-0: Ball 1-0: Fly out, F9 (Flyball, 9D, EV 99.4 MPH)
|
Bottom of the 5th over - 0 runs, 0 hits, 0 errors, 1 left on base; Chicago (APP) 0 - Helena 12 |
TOP OF THE 6TH |
Chicago (APP) Cubs batting - Pitching for Helena Brewers : RHP Junzo Yanagisawa
|
Batting: RHB Roberto Cruz
|
0-0: Foul Ball, location: 2F 0-1: Ball 1-1: Ball 2-1: Swinging Strike 2-2: Strikes out swinging
|
Batting: RHB Jorge Gonzalez
|
0-0: Ball 1-0: Swinging Strike 1-1: Called Strike 1-2: Strikes out swinging
|
Batting: SHB Rob Craft
|
0-0: Ground out 4-3 (Groundball, 34, EV 81.2 MPH)
|
Top of the 6th over - 0 runs, 0 hits, 0 errors, 0 left on base; Chicago (APP) 0 - Helena 12 |
BOTTOM OF THE 6TH |
Helena Brewers batting - Pitching for Chicago (APP) Cubs : RHP Brian Jarrett
|
Pitching: RHP Scott Hanson
|
|
Batting: LHB Dusty Bryant
|
0-0: Called Strike 0-1: Ball 1-1: Ball 2-1: Ball 3-1: Base on Balls
|
Batting: RHB Drew Forbess
|
0-0: Ball 1-0: Ball 2-0: Called Strike 2-1: 2-RUN HOME RUN (Flyball, 89XD, EV 107.5 MPH), Distance : 420 ft
|
Batting: LHB Steven Donovan
|
0-0: Ball 1-0: Ball 2-0: Ball 3-0: Called Strike 3-1: Base on Balls
|
Batting: RHB Mohammed bin Ubaida
|
0-0: Fly out, F9 (Flyball, 89M, EV 84.4 MPH)
|
Pitching: RHP Chris P. Shephard
|
|
Batting: RHB Justin Marino
|
0-0: Called Strike 0-1: Ball 1-1: Ball 2-1: Called Strike 2-2: Foul Ball, location: 2F 2-2: Strikes out swinging
|
Batting: RHB Wiliama Dana
|
0-0: Fly out, F7 (Flyball, 7D, EV 93.1 MPH)
|
Bottom of the 6th over - 2 runs, 1 hit, 0 errors, 1 left on base; Chicago (APP) 0 - Helena 14 |
TOP OF THE 7TH |
Chicago (APP) Cubs batting - Pitching for Helena Brewers : RHP Junzo Yanagisawa
|
Batting: RHB Adrian Cox
|
0-0: Called Strike 0-1: Foul Ball, location: 2F 0-2: Ball 1-2: Strikes out swinging
|
Batting: RHB Dave de Wolff
|
0-0: Ball 1-0: Called Strike 1-1: Foul Ball, location: 2F 1-2: Foul Ball, location: 2F 1-2: Ball 2-2: Strikes out swinging
|
Batting: RHB Mike Stein
|
0-0: Called Strike 0-1: Ball 1-1: Called Strike 1-2: Strikes out swinging
|
Top of the 7th over - 0 runs, 0 hits, 0 errors, 0 left on base; Chicago (APP) 0 - Helena 14 |
BOTTOM OF THE 7TH |
Helena Brewers batting - Pitching for Chicago (APP) Cubs : RHP Chris P. Shephard
|
Batting: RHB Tony Beaumond
|
0-0: TRIPLE (Flyball, 89XD, EV 102.5 MPH)
|
Batting: LHB Greg Reedy
|
0-0: Called Strike 0-1: Called Strike 0-2: Ball 1-2: Foul Ball, location: 2F 1-2: Ball 2-2: Ball 3-2: Base on Balls
|
Pinch Hitting: LHB Andy Buschlen
|
0-0: Foul Ball, location: 2F 0-1: Ball 1-1: Fielders Choice at 2nd, 5-4 (Groundball, 56, EV 107.5 MPH) Tony Beaumond scores
|
Pitching: RHP Carsten Kosters
|
|
Batting: LHB Dusty Bryant
|
0-0: Foul Ball, location: 2F 0-1: Swinging Strike 0-2: Strikes out swinging
|
Pitching: LHP Tom Mooney
|
|
Batting: RHB Drew Forbess
|
0-0: Ball 1-0: Called Strike 1-1: Ball 2-1: Ball 3-1: Base on Balls Andy Buschlen to second
|
Batting: LHB Steven Donovan
|
0-0: DOUBLE (Flyball, 9LD, EV 94.4 MPH) Andy Buschlen scores Drew Forbess to third Runner from 3rd tries for Home, SAFE, throw by RF to home
|
Pinch Hitting: RHB Jesus Menjivar
|
0-0: Foul Ball, location: 2F 0-1: Swinging Strike 0-2: Ball 1-2: Foul Ball, location: 2F 1-2: Ball 2-2: Ground out 3-1 (Groundball, 34, EV 87.5 MPH)
|
Bottom of the 7th over - 3 runs, 2 hits, 0 errors, 1 left on base; Chicago (APP) 0 - Helena 17 |
TOP OF THE 8TH |
Chicago (APP) Cubs batting - Pitching for Helena Brewers : RHP Junzo Yanagisawa
|
Now in LF: Steven Donovan
|
|
Now in CF: Jesus Menjivar
|
|
Now in RF: Andy Buschlen
|
|
Batting: RHB Dustin Goldsborough
|
0-0: Swinging Strike 0-1: Called Strike 0-2: Strikes out swinging
|
Batting: RHB Andy Baumhardt
|
0-0: Called Strike 0-1: Ball 1-1: Swinging Strike 1-2: Strikes out swinging
|
Batting: LHB Jerry Tyson
|
0-0: Ball 1-0: Called Strike 1-1: Foul Ball, location: 2F 1-2: Ball 2-2: Strikes out swinging
|
Top of the 8th over - 0 runs, 0 hits, 0 errors, 0 left on base; Chicago (APP) 0 - Helena 17 |
BOTTOM OF THE 8TH |
Helena Brewers batting - Pitching for Chicago (APP) Cubs : LHP Tom Mooney
|
Pitching: RHP Victor de Leon
|
|
Batting: RHB Justin Marino
|
0-0: Ball 1-0: Ball 2-0: Ground out 1-3 (Groundball, 34S, EV 63.8 MPH)
|
Batting: RHB Wiliama Dana
|
0-0: Called Strike 0-1: Foul Ball, location: 2F 0-2: Foul Ball, location: 2F 0-2: Strikes out swinging
|
Batting: RHB Tony Beaumond
|
0-0: Fly out, F6 (Popup, 56D, EV 49.4 MPH)
|
Bottom of the 8th over - 0 runs, 0 hits, 0 errors, 0 left on base; Chicago (APP) 0 - Helena 17 |
TOP OF THE 9TH |
Chicago (APP) Cubs batting - Pitching for Helena Brewers : RHP Junzo Yanagisawa
|
Batting: RHB Roberto Cruz
|
0-0: Ball 1-0: SINGLE (Groundball, 6D, EV 100.6 MPH)
|
Batting: RHB Jorge Gonzalez
|
0-0: Swinging Strike 0-1: SINGLE (Groundball, 6S, EV 66.2 MPH) (infield hit) Roberto Cruz to second
|
Batting: SHB Rob Craft
|
0-0: Ball 1-0: Foul Ball, location: 2F 1-1: Ground out 6-3 (Groundball, 6S, EV 66.9 MPH) Roberto Cruz to third Jorge Gonzalez to second
|
Batting: RHB Adrian Cox
|
0-0: Called Strike 0-1: Swinging Strike 0-2: Strikes out swinging
|
Batting: RHB Dave de Wolff
|
0-0: Swinging Strike 0-1: Swinging Strike 0-2: Ball 1-2: Strikes out looking
|
Top of the 9th over - 0 runs, 2 hits, 0 errors, 2 left on base; Chicago (APP) 0 - Helena 17 |
|